 Dungeon Crawl Stone Soup version 0.28-a0-938-gbc3f381ebc (webtiles) character file.

Game seed: 16542286567784691069

21 ytrimaz the Grave Robber (level 2, 0/19 HPs)
             Began as a Demonspawn Necromancer on Nov 28, 2021.
             Slain by a sky beast (2 damage)
             ... on level 5 of the Dungeon.
             The game lasted 00:02:25 (1390 turns).

ytrimaz the Grave Robber (Demonspawn Necromancer)   Turns: 1390, Time: 00:02:26

Health: 0/19       AC:  3    Str:  8    XL:     2   Next: 65%
Magic:  3/5        EV: 17    Int: 22    God:
Gold:   46         SH:  0    Dex: 13    Spells: 3/5 levels left

rFire   + . .      SeeInvis .   (no weapon)
rCold   + . .      Faith    .   (no shield)
rNeg    . . .      Spirit   .   a - +1 robe
rPois   +          Reflect  .   (no helmet)
rElec   +          Harm     .   (no cloak)
rCorr   +          Rampage  .   (no gloves)
Will    .....                   (no boots)
Stlth   ++........              (no amulet)
HPRegen 0.06/turn               e - +6 ring of intelligence
MPRegen 0.09/turn               (no ring)

@: mighty, agile, resistant, attractive
A: powered by pain 1
a: no special abilities


You were on level 5 of the Dungeon.
You visited 1 branch of the dungeon, and saw 4 of its levels.

You collected 46 gold pieces.

Inventory:

Armour
 a - a +1 robe (worn)
Jewellery
 e - a +6 ring of intelligence (left hand)
Scrolls
 b - 2 scrolls of amnesia
Potions
 d - a potion of resistance


   Skills:
 + Level 1.8 Dodging
 * Level 2.0 Stealth
 + Level 2.3 Spellcasting
 + Level 4.9 Necromancy


You had 3 spell levels left.
You knew the following spells:

 Your Spells              Type           Power      Damage    Failure   Level
a - Pain                  Necr           96%        1d8       1%          1
b - Summon Small Mammal   Summ           8%         N/A       14%         1

Your spell library contained the following spells:

 Spells                   Type           Power      Damage    Failure   Level
 Animate Skeleton         Necr           48%        N/A       1%          1
 Vampiric Draining        Necr           24%        2d7       5%          3
 Apportation              Tloc           4%         N/A       14%         1
 Animate Dead             Necr           12%        N/A       17%         4
 Agony                    Necr           24%        N/A       43%         5


Dungeon Overview and Level Annotations

Branches:
Dungeon (5/15)
 Temple: D:4-7

Altars:
Uskayaw


Innate Abilities, Weirdness & Mutations

You sometimes gain a little power by taking damage.


Message History

There is a stone staircase leading up here.
You see here a scroll labelled RERYL XOXTANIU.
The jackal misses you.
Okay, then.
The jackal closely misses you. The jackal closely misses you.
The jackal completely misses you.
A hound zombie comes into view.
Unknown command.
A sky beast comes into view.
The jackal barely misses you. The jackal closely misses you.
Okay, then.
It was a potion of attraction.
You feel attractive to monsters.
The jackal bites you but does no damage.
The sky beast is attracted toward you.
It was a potion of resistance.
You feel protected. The jackal bites you.
* * * LOW HITPOINT WARNING * * *
The sky beast completely misses you.
It was a potion of might.
You feel very mighty all of a sudden. The jackal closely misses you.
The sky beast barely misses you. The jackal bites you.
* * * LOW HITPOINT WARNING * * *
Casting: Summon Small Mammal (safe; 14% risk of failure)
Confirm with . or Enter, or press ? or * to list all spells.
You don't know that spell.
Casting: Summon Small Mammal (safe; 14% risk of failure)
Confirm with . or Enter, or press ? or * to list all spells.
Okay, then.
Casting: Summon Small Mammal (safe; 14% risk of failure)
Confirm with . or Enter, or press ? or * to list all spells.
Aiming: Pain (safe; 1% risk of failure)
Press: ? - help, Shift-Dir - straight line, f - sky beast
Aim: a sky beast (chance to affect: 83%)
The sky beast writhes in agony.
The sky beast hits you.
You die...

.# ... ... #.#
#.# #.#
##########.#
......Y@hZJ#
#.##########.#
#...........#
.####.J####.#
.#####..#
#.#.#
........##.#
#.#
.#####.?..#
#..
###<#.....#.#
#.......#.. .#


You could see a sky beast, a jelly, a hound zombie and a jackal.

Vanquished Creatures
  A dart slug (D:1)
  3 ball pythons
  3 bats
  2 endoplasms
  2 giant cockroaches (D:1)
  A goblin (D:1)
  3 hobgoblins
  A quokka (D:1)
  A rat (D:1)
17 creatures vanquished.

Notes
Turn   | Place    | Note
-------+----------+-------------------------------------------
     0 | D:1      | ytrimaz the Demonspawn Necromancer began the quest for the
                  | Orb.
     0 | D:1      | Reached XP level 1. HP: 13/13 MP: 3/3
   293 | D:1      | Gained mutation: You sometimes gain a little power by
                  | taking damage. [demonic ancestry]
   293 | D:1      | Reached XP level 2. HP: 2/19 MP: 0/5
  1079 | D:1      | Learned a level 1 spell: Summon Small Mammal
  1335 | D:4      | Found a hide-covered altar of Uskayaw.
  1374 | D:5      | Entered Level 5 of the Dungeon
  1384 | D:5      | Noticed a sky beast
  1390 | D:5      | Slain by a sky beast

Illustrated notes

Levels and vault maps discovered:
D:1:      saegor_arrival_simple_e, layout_rooms
D:2:      layout_basic, uniq_terence
D:4:      layout_rooms, lemuel_round_altar, mainiacjoe_overflow_six_doors_small,
          uniq_blork_the_orc, uniq_eustachio
D:5:      layout_loops_ring

Skill      XL: |  1 |
---------------+----+-----
Stealth        | 2 |  2.0
Dodging        | |  1.8
Spellcasting   | |  2.3
Necromancy     | |  4.9

Action                   || total
-------------------------++-------
Melee: Unarmed           ||     1
 Cast: Pain              ||    29
       Summon Small Mamm ||     4
  Use: Scroll            ||     4
       Potion            ||     3
Armor: Robe              ||     7
Dodge: Dodged            ||    17

Table legend: (Time is in decaauts)
 A = Elapsed time spent in this place.
 B = Non-inter-level travel time spent in this place.
 C = Inter-level travel time spent in this place.
 D = Time resting spent in this place.
 E = Time spent auto-exploring this place.
 F = Levels seen in this place.
 G = Mean time per level.
                   A        B        C        D        E       F      G
               +--------+--------+--------+--------+--------+-----+--------+
         Total |   1388 |   1368 |     20 |    375 |    776 |   4 |  347.0 |
       Dungeon |   1388 |   1368 |     20 |    375 |    776 |   4 |  347.0 |
               +--------+--------+--------+--------+--------+-----+--------+

Top non-repeatable levels by time:
     D:1: 1144 daAuts
     D:2: 189 daAuts
     D:4: 38 daAuts
     D:5: 15 daAuts
